 Dungeon Crawl Stone Soup version 0.20.0-4-g10b340a (webtiles) character file.

4230 mopl the Zephyrmancer (level 10, -3/69 HPs)
             Began as a Pale Draconian Air Elementalist on May 27, 2017.
             Slain by a two-headed ogre
             ... wielding a +0 giant club
              (24 damage)
             ... on level 8 of the Dungeon.
             The game lasted 00:23:39 (10473 turns).

mopl the Zephyrmancer (DrAE)                       Turns: 10473, Time: 00:23:40

Health: -3/69      AC:  8    Str: 11    XL:     10   Next: 9%
Magic:  8/18       EV: 12    Int: 18    God:
Gold:   143        SH:  0    Dex: 12    Spells: 5/20 levels left

rFire    . . .     SeeInvis .   a - +0 quarterstaff
rCold    + . .     Gourm    .   (shield currently unavailable)
rNeg     . . .     Faith    .   (armour unavailable)
rPois    .         Spirit   .   (helmet restricted)
rElec    .         Reflect  .   u - +0 cloak
rCorr    .         Harm     .   (no gloves)
MR       .....                  (no boots)
Stlth    +.........             (no amulet)
Regen    0.3/turn               L - ring of protection from cold
MPRegen  0.2/turn               H - ring of loudness (curse)

@: no status effects
A: breathe steam, unfitting armour, cold-blooded, AC +7
a: Breathe Steam


You were on level 8 of the Dungeon.
You were not hungry.

You visited 2 branches of the dungeon, and saw 9 of its levels.
You also visited: Ossuary.

You collected 339 gold pieces.
You spent 196 gold pieces at shops.

Inventory:

Hand Weapons
 a - a +0 quarterstaff (weapon)
 b - a +0 blowgun
 D - a +3 spear
Missiles
 t - 30 poisoned needles
Armour
 q - a cursed -2 shield
 u - a +0 cloak (worn)
 B - a +0 buckler
Jewellery
 z - an uncursed ring of resist corrosion
 H - a cursed ring of loudness (right hand)
 L - a ring of protection from cold (left hand)
Wands
 x - a wand of paralysis (11/24)
 C - a wand of disintegration (12/24)
 E - a wand of lightning (3/15)
 J - a wand of iceblast (2/15)
Scrolls
 e - 3 scrolls of remove curse {unknown}
 g - 7 scrolls of teleportation
 j - 3 scrolls of blinking {unknown}
 k - a scroll of enchant armour {unknown}
 n - 3 scrolls of immolation {unknown}
 r - 2 scrolls of enchant weapon {unknown}
 v - 3 scrolls of recharging {unknown}
 y - 3 scrolls of amnesia
 F - a scroll of fog
 G - a scroll of magic mapping
 I - a scroll of silence {unknown}
 K - 2 scrolls of random uselessness {unknown}
Potions
 d - 2 potions of agility
 h - 3 potions of flight
 m - 4 potions of curing
 o - a potion of brilliance
 p - 2 potions of haste
 w - 2 potions of heal wounds
 A - 5 potions of mutation {unknown}
 M - a potion of cancellation
 N - 2 potions of ambrosia
 O - a potion of lignification {unknown}
 Q - a potion of magic {unknown}
Books
 c - a book of Geomancy

   Spells                             Type                      Level
   a - Sandblast                      Earth                        1
   b - Passwall                       Transmutation/Earth          2
   c - Stone Arrow                    Conjuration/Earth            3
   d - Petrify                        Transmutation/Earth          4
   e - Lee's Rapid Deconstruction     Earth                        5
 i - a book of Air

   Spells                             Type                      Level
   a - Shock                          Conjuration/Air              1
   b - Swiftness                      Charms/Air                   2
   c - Static Discharge               Conjuration/Air              3
   d - Airstrike                      Air                          4
   e - Lightning Bolt                 Conjuration/Air              5
Comestibles
 f - 2 meat rations
 l - 4 royal jellies
 s - 4 bread rations
 P - 3 chunks of flesh


   Skills:
 + Level 5.3 Staves
 - Level 1.7 Dodging
 - Level 1.7 Stealth
 + Level 5.5 Spellcasting
 * Level 8.8 Conjurations
 * Level 10.1 Air Magic


You had 5 spell levels left.
You knew the following spells:

 Your Spells              Type           Power        Failure   Level  Hunger
a - Shock                 Conj/Air       ####         1%          1    None
b - Static Discharge      Conj/Air       #####...     1%          3    ##.....
c - Lightning Bolt        Conj/Air       #####.....   7%          5    ######.
f - Airstrike             Air            #####.....   1%          4    ####...
n - Swiftness             Chrm/Air       ###.....     2%          2    #......


Dungeon Overview and Level Annotations

Branches:
Dungeon (8/15)             Temple (1/1) D:7
   Lair: D:8-11

Altars:
Ashenzari
Elyvilon
Fedhas
Kikubaaqudgha
Makhleb
Nemelex Xobeh
Ru
Trog
Uskayaw
Vehumet
Zin
The Shining One

Shops:
D:5 ?

Annotations:
D:2 bb moth
D:5 Gataroth's ghost, amateur GrMo


Innate Abilities, Weirdness & Mutations

You can breathe blasts of scalding, opaque steam.
Your pale cyan-grey scales are hard. (AC +7)
You cannot fit into any form of body armour.
You are cold-blooded and may be slowed by cold attacks.


Message History

Casting: Shock
Confirm with . or Enter, or press ? or * to list all spells.
The two-headed ogre is struck by lightning.
The two-headed ogre is heavily wounded.
The lightning arcs!
You are struck by lightning.
The lightning arcs!
The two-headed ogre is struck by lightning.
The two-headed ogre is severely wounded.
The lightning grounds out.
The two-headed ogre barely misses you.
The two-headed ogre hits you with a giant club!!
Unknown command.
Casting: Static Discharge
Confirm with . or Enter, or press ? or * to list all spells.
The two-headed ogre is struck by lightning.
The two-headed ogre is severely wounded.
The lightning arcs!
You are struck by lightning.
The lightning arcs!
The two-headed ogre is struck by lightning.
The two-headed ogre is almost dead.
The lightning grounds out.
The two-headed ogre hits you with a giant club!! x2
You die...

#.# #.# #.# #.#
#.# #.# #O#
######## #@#
#......#
#.###......#######
#...'......'......
#####......#######
#......#
#......#######
####..#.#.#.#.#.#
#....[...........
#.....#.#.#.#.#.#


You could see a two-headed ogre.

Vanquished Creatures
  Grinder (D:3)
  2 hippogriffs (D:7)
  3 ice beasts
  A phantom (D:4)
  2 black bears
  A sky beast (D:7)
  2 ogres
  3 necrophages
  5 centaurs
  8 elf zombies (Ossuary)
  2 bullfrogs
  6 scorpions
  2 wights (D:7)
  A howler monkey (D:5)
  4 crimson imps
  A centaur zombie (Ossuary)
  2 hounds (D:7)
  2 orc priests (D:4)
  A human skeleton (D:7)
  2 orc wizards
  A bullfrog skeleton (D:5)
  3 iguanas
  6 human zombies
  7 worker ants
  A killer bee zombie (D:5)
  5 mummies
  3 gnolls (D:2)
  11 adders
  2 shadow imps
  5 oozes
  4 worms
  A dart slug (D:2)
  2 leopard geckos
  10 orcs
  10 giant cockroaches
  3 goblins
  6 hobgoblins
  7 jackals (D:6)
  2 quokkas
  5 bats
  8 frilled lizards
  A jackal skeleton (D:5)
  7 kobolds
  A leopard gecko skeleton (D:5)
  2 orc zombies (D:7)
  11 rats
175 creatures vanquished.

Notes
Turn   | Place    | Note
-------+----------+-------------------------------------------
     0 | D:1      | mopl the Draconian Air Elementalist began the quest for the Orb.
     0 | D:1      | Reached XP level 1. HP: 14/14 MP: 3/3
   248 | D:1      | Reached XP level 2. HP: 20/20 MP: 1/5
   291 | D:1      | Learned a level 2 spell: Swiftness
   730 | D:2      | Reached skill level 2 in Conjurations
   730 | D:2      | Reached XP level 3. HP: 4/26 MP: 0/6
  1004 | D:2      | Reached skill level 4 in Air Magic
  1219 | D:2      | Reached XP level 4. HP: 33/33 MP: 2/7
  1242 | D:2      | Learned a level 3 spell: Static Discharge
  1378 | D:2      | You fall through a shaft for 2 floors!
  1379 | D:4      | Noticed Grinder
  2100 | D:2      | Noticed a moth of wrath
  2103 | D:2      | Found a bloodstained altar of Trog.
  2411 | D:2      | Reached XP level 5. HP: 38/38 MP: 9/9
  2578 | D:3      | Reached skill level 3 in Conjurations
  3179 | D:4      | Reached skill level 3 in Spellcasting
  3390 | D:3      | Killed Grinder
  3390 | D:3      | Reached skill level 4 in Conjurations
  3390 | D:3      | Reached skill level 5 in Air Magic
  3390 | D:3      | Reached XP level 6. HP: 14/45 MP: 1/10
  3538 | D:4      | Learned a level 4 spell: Airstrike
  4271 | D:4      | Your scales start taking on a pale cyan-grey colour.
  4271 | D:4      | Reached skill level 6 in Air Magic
  4271 | D:4      | Reached XP level 7. HP: 45/50 MP: 0/12
  4913 | D:5      | Entered Level 5 of the Dungeon
  4928 | D:5      | Reached skill level 5 in Conjurations
  5383 | D:5      | Reached skill level 7 in Air Magic
  5535 | D:5      | Reached skill level 1 in Staves
  5652 | D:5      | Found Miekleul's Magic Scroll Boutique.
  5660 | D:5      | Bought a scroll of identify for 28 gold pieces
  5660 | D:5      | Bought a scroll of teleportation for 42 gold pieces
  5660 | D:5      | Bought a scroll of fog for 28 gold pieces
  5660 | D:5      | Bought a scroll of magic mapping for 49 gold pieces
  5660 | D:5      | Bought a scroll of amnesia for 49 gold pieces
  5664 | D:5      | Noticed Gataroth's ghost (amateur GrMo)
  5817 | D:4      | Reached skill level 4 in Spellcasting
  5817 | D:4      | Reached XP level 8. HP: 33/56 MP: 1/14
  6373 | D:5      | Reached skill level 2 in Staves
  6547 | D:5      | Reached skill level 6 in Conjurations
  6761 | D:5      | Found a blossoming altar of Fedhas.
  6992 | D:6      | Reached skill level 8 in Air Magic
  7117 | D:6      | Found a sand-covered staircase.
  7126 | Ossuary  | Entered an ossuary
  7371 | Ossuary  | Reached skill level 3 in Staves
  7603 | Ossuary  | Reached skill level 7 in Conjurations
  7613 | Ossuary  | Reached XP level 9. HP: 35/62 MP: 5/16
  7620 | Ossuary  | Learned a level 5 spell: Lightning Bolt
  8212 | D:6      | Reached skill level 9 in Air Magic
  8232 | D:6      | Reached skill level 4 in Staves
  8344 | D:6      | Reached skill level 5 in Spellcasting
  8816 | D:7      | Found a staircase to the Ecumenical Temple.
  8921 | Temple   | Entered the Ecumenical Temple
  9222 | D:7      | Reached skill level 8 in Conjurations
  9330 | D:7      | Found an ancient bone altar of Kikubaaqudgha.
  9516 | D:7      | Reached skill level 10 in Air Magic
  9672 | D:7      | Reached skill level 5 in Staves
  9679 | D:7      | Reached XP level 10. HP: 35/69 MP: 5/18
  9757 | D:7      | Found a white marble altar of Elyvilon.
 10466 | D:8      | Noticed a two-headed ogre
 10473 | D:8      | Slain by a two-headed ogre

Skill      XL: |  1  2  3  4  5  6  7  8  9 |
---------------+----------------------------+-----
Conjurations   | 2 4 5 7 8 |  8.8
Air Magic      | 4 5 6 7 8 10 | 10.1
Spellcasting   | 3 4 5 |  5.5
Staves         | 1 3 5 |  5.3
Dodging        | |  1.7
Stealth        | |  1.7

Action                   |  1- 3 |  4- 6 |  7- 9 | 10-12 || total
-------------------------+-------+-------+-------+-------++-------
Melee: Unarmed           |    22 |       |       |       ||    22
       Whip              |    52 |       |       |       ||    52
       Tailslap          |     2 |     7 |    37 |     1 ||    47
       Spear             |     4 |   156 |    48 |       ||   208
       Quarterstaff      |       |       |   272 |    32 ||   304
 Fire: Blowgun           |       |     9 |     3 |       ||    12
 Cast: Shock             |    36 |    42 |    87 |     5 ||   170
       Static Discharge  |       |    14 |    67 |     8 ||    89
       Airstrike         |       |    11 |    26 |       ||    37
Evoke: Wand              |       |     1 |     1 |       ||     2
  Use: Scroll            |       |       |     8 |       ||     8
       Potion            |       |       |     1 |       ||     1
 Stab: Distracted        |       |     2 |     1 |       ||     3
       Paralysed         |       |     3 |       |       ||     3
       Sleeping          |       |     1 |     1 |       ||     2
  Eat: Chunk             |     2 |    11 |    18 |     5 ||    36
       Bread ration      |       |     1 |       |       ||     1
       Fruit             |       |       |     4 |       ||     4
       Royal jelly       |       |       |     1 |       ||     1
Armor: Skin              |    27 |    66 |   144 |    19 ||   256
Dodge: Dodged            |    63 |   114 |   205 |    24 ||   406
